[Event "DVM U14 2024"]
[Site "Heidelberg"]
[Date "2024.12.29"]
[Round "6"]
[White "Maier, Kalle"]
[Black "Sosnicki, Adrian"]
[Result "0-1"]
[ECO "B02"]
[WhiteElo "1673"]
[BlackElo "1259"]
[Annotator "NA RC"]
[PlyCount "92"]
[EventDate "2024.12.23"]
[EventType "team-tourn"]
[EventRounds "7"]
[EventCountry "GER"]
[SourceTitle "playchess.com"]
[Source "ChessBase"]
[SourceQuality "1"]
[TimeControl "40/5400+30:1800+30"]

1. e4 d5 2. exd5 Nf6 3. Nc3 Nxd5 4. Nxd5 Qxd5 5. d4 Nc6 6. Nf3 Bg4 7. c3 O-O-O 8. Be2 e5 9. c4 Qa5+ 10. Bd2 Bb4 11. d5 Bxf3 12. Bxf3 Nd4 13. Be4 f5 14. Bb1 c6 15. Bxb4 Qxb4+ 16. Qd2 Qxd2+ 17. Kxd2 cxd5 18. cxd5 Rxd5 19. Rc1+ Kb8 20. Ke1 g6 21. Bc2 Rc8 22. Bb3 Rdc5 23. Rd1 Nxb3 24. axb3 b6 25. Rd7 R8c7 26. Rxc7 Kxc7 27. Kd2 a5 28. b4 Rd5+ 29. Ke2 h5 30. bxa5 Rxa5 31. Rd1 Rc5 32. Rd2 b5 33. Kf3 b4 34. Kg3 g5 35. h4 g4 36. Kh2 f4 37. Rd1 Rc2 38. f3 gxf3 39. Kh3 fxg2 40. b3 f3 41. Ra1 Kb6 42. Rd1 Kc5 43. Ra1 Kd4 44. Rd1+ Ke3 45. Rd5 g1=N+ 46. Kg3 Rg2# 0-1

[Event "DVM U14 2024"]
[Site "Heidelberg"]
[Date "2024.12.29"]
[Round "6"]
[White "Berbig, Georg"]
[Black "Pflug, Anton"]
[Result "0-1"]
[ECO "C47"]
[WhiteElo "1666"]
[BlackElo "1812"]
[Annotator "NA RC"]
[PlyCount "75"]
[EventDate "2024.12.23"]
[EventType "team-tourn"]
[EventRounds "7"]
[EventCountry "GER"]
[SourceTitle "playchess.com"]
[Source "ChessBase"]
[SourceQuality "1"]
[TimeControl "40/5400+30:1800+30"]

1. e4 e5 2. Nf3 Nc6 3. Nc3 Nf6 4. a3 d5 5. Bb5 d4 6. Ne2 Bd6 7. Bxc6+ bxc6 8. d3 h6 9. Ng3 Be6 10. O-O O-O 11. Qe2 Nd7 12. c3 c5 13. Ne1 f5 14. f4 fxe4 15. Nxe4 Bd5 16. Nxd6 cxd6 17. c4 Bc6 18. b4 Qc7 19. Qg4 Rae8 20. fxe5 Rxf1+ 21. Kxf1 Nxe5 22. Qg3 Rf8+ 23. Ke2 Qe7 24. Kd1 Ba4+ 25. Kd2 d5 26. cxd5 c4 27. Bb2 c3+ 28. Bxc3 dxc3+ 29. Kxc3 Qf6 30. Kd2 Nc4+ 31. dxc4 Qxa1 32. d6 Qd4+ 33. Nd3 Qxc4 34. Qe5 Bb5 35. Qc3 Qxd3+ 36. Qxd3 Bxd3 37. Kxd3 Rd8 38. Kd4 0-1

[Event "DVM U14 2024"]
[Site "Heidelberg"]
[Date "2024.12.29"]
[Round "6"]
[White "Meijers, Jaroslav"]
[Black "Freude, Paul"]
[Result "0-1"]
[ECO "D41"]
[WhiteElo "1663"]
[BlackElo "1714"]
[Annotator "NA RC"]
[PlyCount "62"]
[EventDate "2024.12.23"]
[EventType "team-tourn"]
[EventRounds "7"]
[EventCountry "GER"]
[SourceTitle "playchess.com"]
[Source "ChessBase"]
[SourceQuality "1"]
[TimeControl "40/5400+30:1800+30"]

1. d4 Nf6 2. c4 e6 3. Nc3 d5 4. cxd5 Nxd5 5. e4 Nxc3 6. bxc3 c5 7. Nf3 Nc6 8. d5 exd5 9. exd5 Ne7 10. Bb5+ Bd7 11. Qa4 Nxd5 12. Qe4+ Be7 13. Bxd7+ Qxd7 14. O-O Nf6 15. Qf4 O-O 16. c4 Rad8 17. Bb2 Rfe8 18. Rfe1 b6 19. Ne5 Qc7 20. Qg3 Bd6 21. f4 Re6 22. Qf2 Rde8 23. Re2 Ng4 24. Qg3 Nxe5 25. f5 Nf3+ 26. gxf3 Bxg3 27. fxe6 Rxe6 28. Rxe6 Bxh2+ 29. Kf1 fxe6 30. Ke2 Be5 31. Bxe5 Qxe5+ 0-1

[Event "DVM U14 2024"]
[Site "Heidelberg"]
[Date "2024.12.29"]
[Round "6"]
[White "Madel, Luca"]
[Black "Luccone, Constantin"]
[Result "1-0"]
[ECO "D02"]
[WhiteElo "1657"]
[BlackElo "1567"]
[Annotator "NA RC"]
[PlyCount "75"]
[EventDate "2024.12.23"]
[EventType "team-tourn"]
[EventRounds "7"]
[EventCountry "GER"]
[SourceTitle "playchess.com"]
[Source "ChessBase"]
[SourceQuality "1"]
[TimeControl "40/5400+30:1800+30"]

1. d4 d5 2. Bf4 Nf6 3. e3 c5 4. c3 Nc6 5. Nf3 Qb6 6. Qc2 Bf5 7. dxc5 Bxc2 8. cxb6 axb6 9. Na3 Bf5 10. Nb5 Rc8 11. Be2 g6 12. O-O Bg7 13. Rfd1 O-O 14. Ne5 Nxe5 15. Bxe5 Be6 16. Nc7 Nd7 17. Bxg7 Kxg7 18. Nxd5 Bxd5 19. Rxd5 Nc5 20. Rad1 e6 21. Rd6 Rc6 22. Bb5 Rxd6 23. Rxd6 Ra8 24. a3 Rc8 25. Kf1 Kf6 26. Rxb6 Rd8 27. Ke2 Ke5 28. Bc4 Ne4 29. f4+ Kf6 30. Rxb7 Nd6 31. Rb4 Nf5 32. Bd3 Nd6 33. Rd4 Ke7 34. e4 Rc8 35. e5 Nb7 36. Ba6 Rc7 37. Bxb7 Rxb7 38. Rb4 1-0

[Event "DVM U14 2024"]
[Site "Heidelberg"]
[Date "2024.12.29"]
[Round "6"]
[White "Obermair, Hannes"]
[Black "Belenki, Janis"]
[Result "0-1"]
[ECO "D38"]
[WhiteElo "1653"]
[BlackElo "1611"]
[Annotator "NA RC"]
[PlyCount "84"]
[EventDate "2024.12.23"]
[EventType "team-tourn"]
[EventRounds "7"]
[EventCountry "GER"]
[SourceTitle "playchess.com"]
[Source "ChessBase"]
[SourceQuality "1"]
[TimeControl "40/5400+30:1800+30"]

1. c4 Nf6 2. d4 e6 3. Nc3 Bb4 4. Nf3 d5 5. Bg5 Bxc3+ 6. bxc3 h6 7. Bxf6 Qxf6 8. e3 c5 9. Be2 O-O 10. Rc1 Rd8 11. O-O Nc6 12. h3 dxc4 13. Qa4 e5 14. Nxe5 Nxe5 15. dxe5 Qxe5 16. Bxc4 Bf5 17. Qb3 Qc7 18. Rfd1 Rab8 19. Rxd8+ Rxd8 20. Bd5 b6 21. Rd1 c4 22. Qb5 Kh7 23. Rd4 Bd3 24. Qa4 b5 25. Qd1 Kh8 26. Bf3 Rxd4 27. exd4 b4 28. Qd2 a5 29. Bd1 Qc6 30. Qb2 Qd6 31. Bc2 Qg6 32. Bd1 Qd6 33. Bc2 bxc3 34. Qxc3 Bxc2 35. Qxc2 Qxd4 36. Qf5 Qd1+ 37. Kh2 Qd3 38. Qxa5 c3 39. Qa3 Qc4 40. Qc1 c2 41. a3 g5 42. Kg3 Qf4+ 0-1

[Event "DVM U14 2024"]
[Site "Heidelberg"]
[Date "2024.12.29"]
[Round "6"]
[White "Laube, Karl"]
[Black "Nguyen, Bach Khoi"]
[Result "0-1"]
[ECO "D02"]
[WhiteElo "1635"]
[BlackElo "1590"]
[Annotator "NA RC"]
[PlyCount "70"]
[EventDate "2024.12.23"]
[EventType "team-tourn"]
[EventRounds "7"]
[EventCountry "GER"]
[SourceTitle "playchess.com"]
[Source "ChessBase"]
[SourceQuality "1"]
[TimeControl "40/5400+30:1800+30"]

1. d4 d5 2. Bf4 e6 3. e3 Nf6 4. Nf3 c5 5. c4 Nc6 6. Nc3 Bd6 7. Bg3 O-O 8. Bd3 b6 9. O-O Bb7 10. Rc1 Rc8 11. a3 Qe7 12. cxd5 exd5 13. Qe2 Bxg3 14. hxg3 Rfd8 15. Rfd1 Ne4 16. Qc2 f5 17. dxc5 bxc5 18. Nd2 Ne5 19. Ndxe4 fxe4 20. Bb5 Kh8 21. Ne2 a6 22. Ba4 Nd3 23. Rb1 Rc7 24. Nf4 c4 25. Qc3 Nxf4 26. gxf4 Qf6 27. Rd4 Kg8 28. Rbd1 Qb6 29. Kf1 Ba8 30. Rxe4 Rb7 31. b4 dxe4 32. Rxd8+ Qxd8 33. Qxc4+ Kh8 34. Qxe4 Rc7 35. Qb1 Qd2 0-1

[Event "DVM U14 2024"]
[Site "Heidelberg"]
[Date "2024.12.29"]
[Round "6"]
[White "Schucht, Adrian"]
[Black "Petzold, Gustav"]
[Result "1-0"]
[ECO "B33"]
[WhiteElo "1617"]
[BlackElo "935"]
[Annotator "NA RC"]
[PlyCount "79"]
[EventDate "2024.12.23"]
[EventType "team-tourn"]
[EventRounds "7"]
[EventCountry "GER"]
[SourceTitle "playchess.com"]
[Source "ChessBase"]
[SourceQuality "1"]
[TimeControl "40/5400+30:1800+30"]

1. e4 c5 2. Nf3 Nc6 3. d4 cxd4 4. Nxd4 Nf6 5. Nc3 e5 6. Ndb5 d6 7. Nd5 Nxd5 8. exd5 Ne7 9. c4 a6 10. Qa4 Nc6 11. dxc6 bxc6 12. Nc3 Qc7 13. Be3 Be7 14. Nd5 Qb7 15. Nb6 Rb8 16. Nxc8 Rxc8 17. Qc2 O-O 18. Bd3 Rb8 19. b3 g6 20. Bh6 Rfd8 21. Qe2 Bf6 22. Rd1 Qe7 23. O-O d5 24. cxd5 cxd5 25. Bxa6 Rd6 26. Rc1 Rdd8 27. Rc6 Ra8 28. Rfc1 Bg7 29. Bxg7 Kxg7 30. Rc7 Qe6 31. R1c6 Qf5 32. Qf3 Qxf3 33. gxf3 d4 34. Bc4 Kh6 35. Rxf7 d3 36. Bxd3 Rxd3 37. Rcc7 Rxa2 38. Rxh7+ Kg5 39. Rcf7 Rxb3 40. h4# 1-0

[Event "DVM U14 2024"]
[Site "Heidelberg"]
[Date "2024.12.29"]
[Round "6"]
[White "Zhu, Timo Kaiheng"]
[Black "Derhay, Davyd"]
[Result "0-1"]
[ECO "D02"]
[WhiteElo "1615"]
[BlackElo "1665"]
[Annotator "NA RC"]
[PlyCount "82"]
[EventDate "2024.12.23"]
[EventType "team-tourn"]
[EventRounds "7"]
[EventCountry "GER"]
[SourceTitle "playchess.com"]
[Source "ChessBase"]
[SourceQuality "1"]
[TimeControl "40/5400+30:1800+30"]

1. d4 d5 2. Bf4 Nf6 3. e3 c5 4. Nf3 Nc6 5. Nbd2 Qb6 6. dxc5 Qxc5 7. Bd3 Bg4 8. h3 Bh5 9. g4 Bg6 10. Ne5 Nxe5 11. Bxe5 Nd7 12. Bg3 e5 13. Nb3 Qc6 14. O-O Be7 15. Rc1 b5 16. c3 O-O 17. Re1 f5 18. Qe2 fxg4 19. Bxb5 Qe6 20. hxg4 Nf6 21. f3 a6 22. Bd3 e4 23. Nd4 Qd7 24. fxe4 Bxe4 25. Bxe4 Nxe4 26. Nf5 Nxg3 27. Nxg3 Bh4 28. Kg2 Qc7 29. Nf5 Bxe1 30. Rxe1 Qe5 31. Nd4 Rf6 32. Nf3 Qe4 33. Kg3 Rg6 34. Nd4 h5 35. Rf1 Rxg4+ 36. Kh3 Re8 37. Nf5 Qe6 38. Qf3 Re4 39. Kg3 g6 40. Nd4 Qe5+ 41. Kg2 Qg5+ 0-1

[Event "DVM U14 2024"]
[Site "Heidelberg"]
[Date "2024.12.29"]
[Round "6"]
[White "Schirmer, Enias"]
[Black "Pazar, Ubeyd"]
[Result "1/2-1/2"]
[ECO "B84"]
[WhiteElo "1594"]
[BlackElo "1669"]
[Annotator "NA RC"]
[PlyCount "118"]
[EventDate "2024.12.23"]
[EventType "team-tourn"]
[EventRounds "7"]
[EventCountry "GER"]
[SourceTitle "playchess.com"]
[Source "ChessBase"]
[SourceQuality "1"]
[TimeControl "40/5400+30:1800+30"]

1. e4 c5 2. Nf3 d6 3. d4 cxd4 4. Nxd4 Nf6 5. Nc3 a6 6. Be3 e6 7. Be2 Nbd7 8. O-O Qc7 9. Qd2 Be7 10. Kh1 b5 11. a3 Bb7 12. f3 Ne5 13. h3 Rc8 14. f4 Nc4 15. Bxc4 Qxc4 16. Qd3 d5 17. e5 Nd7 18. Nce2 Nc5 19. Qd1 Ne4 20. c3 O-O 21. Nf3 f6 22. Nd2 Qxe2 23. Qxe2 Ng3+ 24. Kh2 Nxe2 25. Rae1 Nxc3 26. bxc3 Rxc3 27. Bd4 Rxa3 28. Rc1 Bd8 29. Bc5 Ra2 30. Bxf8 Kxf8 31. Nf3 d4 32. Kh1 d3 33. Rcd1 Be4 34. Ra1 Rxa1 35. Rxa1 Bxf3 36. gxf3 d2 37. Kg2 b4 38. Kf1 a5 39. Ke2 Kf7 40. Rg1 a4 41. Kxd2 a3 42. Kc2 g6 43. Rd1 fxe5 44. Rxd8 exf4 45. Rd4 e5 46. Rxb4 Kf6 47. Re4 Kf5 48. Kb3 h5 49. Kxa3 g5 50. Re1 g4 51. hxg4+ hxg4 52. fxg4+ Kxg4 53. Rxe5 f3 54. Re8 f2 55. Rg8+ Kh3 56. Rh8+ Kg2 57. Rg8+ Kh1 58. Rf8 Kg1 59. Rg8+ Kh1 1/2-1/2

[Event "DVM U14 2024"]
[Site "Heidelberg"]
[Date "2024.12.29"]
[Round "6"]
[White "Roessler, Leo"]
[Black "Ensslen, Jakob"]
[Result "1/2-1/2"]
[ECO "B22"]
[WhiteElo "1589"]
[BlackElo "1714"]
[Annotator "NA RC"]
[PlyCount "113"]
[EventDate "2024.12.23"]
[EventType "team-tourn"]
[EventRounds "7"]
[EventCountry "GER"]
[SourceTitle "playchess.com"]
[Source "ChessBase"]
[SourceQuality "1"]
[TimeControl "40/5400+30:1800+30"]

1. e4 c5 2. c3 Nf6 3. e5 Nd5 4. d4 cxd4 5. Nf3 Nc6 6. cxd4 d6 7. Bc4 Nb6 8. Bb3 g6 9. Bf4 d5 10. O-O Bg7 11. Nc3 O-O 12. a4 a5 13. Nb5 Bf5 14. Nh4 Be6 15. Nf3 Rc8 16. Rc1 Qd7 17. Qd2 Nb4 18. Rc3 Nc4 19. Bxc4 dxc4 20. h3 Nd3 21. Be3 f6 22. b3 fxe5 23. bxc4 Bxh3 24. Ng5 Bf5 25. Rxd3 Bxd3 26. Qxd3 exd4 27. Bd2 b6 28. Qb3 e6 29. Qh3 Bf6 30. Qxe6+ Qxe6 31. Nxe6 Rxc4 32. Nxf8 Kxf8 33. Bh6+ Bg7 34. Bxg7+ Kxg7 35. Ra1 Kf6 36. Kf1 Ke5 37. Ke2 Kd5 38. Kd3 h5 39. f3 g5 40. Ra2 h4 41. Ra1 Rb4 42. Kc2 Ke5 43. Ra2 Kf4 44. Kd3 h3 45. gxh3 Rb3+ 46. Kxd4 Rxf3 47. Kd5 Rxh3 48. Kc6 Rh6+ 49. Kb7 g4 50. Nd4 Rd6 51. Nc6 g3 52. Kxb6 Kf3 53. Ra3+ Kf2 54. Rxg3 Kxg3 55. Kc5 Rh6 56. Nxa5 Ra6 57. Kb5 1/2-1/2

[Event "DVM U14 2024"]
[Site "Heidelberg"]
[Date "2024.12.29"]
[Round "6"]
[White "Scharff, Oskar"]
[Black "Bemmann, Carlo"]
[Result "1-0"]
[ECO "B13"]
[WhiteElo "1583"]
[BlackElo "1757"]
[Annotator "NA RC"]
[PlyCount "75"]
[EventDate "2024.12.23"]
[EventType "team-tourn"]
[EventRounds "7"]
[EventCountry "GER"]
[SourceTitle "playchess.com"]
[Source "ChessBase"]
[SourceQuality "1"]
[TimeControl "40/5400+30:1800+30"]

1. e4 c6 2. d4 d5 3. exd5 cxd5 4. Bd3 Nf6 5. Bf4 Bg4 6. Nf3 e6 7. h3 Bh5 8. c3 Nc6 9. O-O Bd6 10. Bxd6 Qxd6 11. Nbd2 O-O 12. Re1 Rac8 13. a4 Bg6 14. Bxg6 hxg6 15. Nb3 Nd7 16. Qd3 Rb8 17. Nbd2 Rfc8 18. a5 b5 19. axb6 Rxb6 20. b4 Qc7 21. Nb3 Ne7 22. Nc5 Nxc5 23. dxc5 Rbb8 24. Nd4 Ra8 25. Nb5 Qb8 26. Ra4 a5 27. Rea1 Nc6 28. Nd6 Rc7 29. b5 Ne5 30. Qd4 f6 31. Rxa5 Rxa5 32. Rxa5 Nf7 33. Nxf7 Kxf7 34. b6 Rb7 35. Qa4 Qe5 36. Ra7 Rxa7 37. bxa7 Qh2+ 38. Kxh2 1-0

[Event "DVM U14 2024"]
[Site "Heidelberg"]
[Date "2024.12.29"]
[Round "6"]
[White "Splitt, Albert"]
[Black "Kovalenko, Andrii"]
[Result "1-0"]
[ECO "D00"]
[WhiteElo "1571"]
[BlackElo "1211"]
[Annotator "NA RC"]
[PlyCount "49"]
[EventDate "2024.12.23"]
[EventType "team-tourn"]
[EventRounds "7"]
[EventCountry "GER"]
[SourceTitle "playchess.com"]
[Source "ChessBase"]
[SourceQuality "1"]
[TimeControl "40/5400+30:1800+30"]

1. d4 d5 2. Nc3 c5 3. e4 dxe4 4. Nxe4 Qxd4 5. Qxd4 cxd4 6. Nf3 Nc6 7. Bb5 Bd7 8. Nc5 a6 9. Bxc6 Bxc6 10. Nxd4 Bxg2 11. Rg1 Bd5 12. Be3 e5 13. Ndb3 Nf6 14. O-O-O Bxc5 15. Bxc5 Bxb3 16. axb3 Ne4 17. Bb6 O-O 18. Rge1 f5 19. Rd7 Rf7 20. Rd5 Re8 21. b4 Re6 22. Bc5 b6 23. Rd8+ Re8 24. Rxe8+ Rf8 25. Rxf8# 1-0

[Event "DVM U14 2024"]
[Site "Heidelberg"]
[Date "2024.12.29"]
[Round "6"]
[White "Schriefer, Leo Hans"]
[Black "Zabashtanskyi, Andrii"]
[Result "1/2-1/2"]
[ECO "C56"]
[WhiteElo "1477"]
[BlackElo "1644"]
[Annotator "NA RC"]
[PlyCount "62"]
[EventDate "2024.12.23"]
[EventType "team-tourn"]
[EventRounds "7"]
[EventCountry "GER"]
[SourceTitle "playchess.com"]
[Source "ChessBase"]
[SourceQuality "1"]
[TimeControl "40/5400+30:1800+30"]

1. e4 e5 2. Nf3 Nc6 3. d4 exd4 4. Bc4 Nf6 5. O-O Nxe4 6. Re1 d5 7. Bxd5 Qxd5 8. Nc3 Qa5 9. Rxe4+ Be6 10. Nxd4 O-O-O 11. Nce2 Bf5 12. Rf4 Bxc2 13. Qd2 Qxd2 14. Bxd2 Nxd4 15. Rxd4 Bc5 16. Rxd8+ Rxd8 17. Bc3 f6 18. Nf4 Rd1+ 19. Rxd1 Bxd1 20. Ne6 Bd6 21. Nxg7 Be5 22. Bxe5 fxe5 23. Kf1 Kd7 24. Ke1 Bc2 25. Nh5 Ke6 26. Kd2 Bg6 27. Ng3 Kd5 28. Ne2 a6 29. f4 Ke4 30. fxe5 Kxe5 31. Ke3 c5 1/2-1/2

[Event "DVM U14 2024"]
[Site "Heidelberg"]
[Date "2024.12.29"]
[Round "6"]
[White "Popitz, Paul"]
[Black "Gorbatschow, Bogdan"]
[Result "1/2-1/2"]
[ECO "B13"]
[WhiteElo "1449"]
[BlackElo "1728"]
[Annotator "NA RC"]
[PlyCount "95"]
[EventDate "2024.12.23"]
[EventType "team-tourn"]
[EventRounds "7"]
[EventCountry "GER"]
[SourceTitle "playchess.com"]
[Source "ChessBase"]
[SourceQuality "1"]
[TimeControl "40/5400+30:1800+30"]

1. e4 c6 2. d4 d5 3. exd5 cxd5 4. Bd3 Nf6 5. h3 Nc6 6. c3 e5 7. dxe5 Nxe5 8. Qe2 Qe7 9. Bb5+ Bd7 10. Bf4 Bxb5 11. Qxb5+ Nc6+ 12. Qe2 Qxe2+ 13. Nxe2 Bc5 14. Nd2 O-O 15. O-O Rfe8 16. Rfe1 Rad8 17. Nb3 Bb6 18. Ned4 Rxe1+ 19. Rxe1 Nxd4 20. Nxd4 Bxd4 21. cxd4 Rc8 22. Re7 Nh5 23. Bd2 Rb8 24. g4 Nf6 25. Bf4 Ra8 26. Rxb7 h6 27. Rb8+ Rxb8 28. Bxb8 a6 29. f3 Kf8 30. b4 Ke7 31. a4 Kd7 32. Kf2 Ng8 33. Ba7 Nf6 34. Bc5 g6 35. Kg3 h5 36. gxh5 Nxh5+ 37. Kg4 Ke6 38. f4 Nf6+ 39. Kg5 Nd7 40. h4 a5 41. b5 Nxc5 42. dxc5 f5 43. Kxg6 d4 44. h5 d3 45. h6 d2 46. h7 d1=Q 47. h8=Q Qg4+ 48. Kh7 1/2-1/2

[Event "DVM U14 2024"]
[Site "Heidelberg"]
[Date "2024.12.29"]
[Round "6"]
[White "Mosch, Cornelius"]
[Black "Blumenthal Tuset, Sebastian"]
[Result "0-1"]
[ECO "C45"]
[WhiteElo "1405"]
[BlackElo "1732"]
[Annotator "NA RC"]
[PlyCount "100"]
[EventDate "2024.12.23"]
[EventType "team-tourn"]
[EventRounds "7"]
[EventCountry "GER"]
[SourceTitle "playchess.com"]
[Source "ChessBase"]
[SourceQuality "1"]
[TimeControl "40/5400+30:1800+30"]

1. e4 e5 2. Nf3 Nc6 3. d4 exd4 4. Nxd4 Bc5 5. Nb3 Bb6 6. Nc3 Nf6 7. Qe2 d6 8. f3 h6 9. Be3 Qe7 10. O-O-O Be6 11. Bxb6 axb6 12. a3 Bxb3 13. cxb3 O-O 14. g4 Qe5 15. Qd2 Na5 16. Kc2 Qe6 17. Nd5 Ne8 18. b4 Nc6 19. h4 Ne5 20. Qe3 Rc8 21. Kb1 Rd8 22. g5 h5 23. Bh3 f5 24. Bxf5 Rxf5 25. exf5 Qxf5+ 26. Qe4 Qxe4+ 27. fxe4 Kf7 28. Rhf1+ Kg8 29. Rf5 Rd7 30. Rdf1 Rf7 31. Rxf7 Nxf7 32. Ne7+ Kf8 33. g6 Kxe7 34. gxf7 Nf6 35. Rc1 c6 36. b5 c5 37. b4 Kxf7 38. bxc5 dxc5 39. e5 Nd7 40. Re1 Ke7 41. Rg1 Kf7 42. e6+ Kxe6 43. Rxg7 Nf6 44. Rxb7 Nd5 45. Kc2 c4 46. Rh7 Nf6 47. Rg7 Ke5 48. Rg6 Kf5 49. Rxf6+ Kxf6 50. a4 Ke6 0-1

[Event "DVM U14 2024"]
[Site "Heidelberg"]
[Date "2024.12.29"]
[Round "6"]
[White "Zhou, Louis Yuchen"]
[Black "Spielvogel, Oliver"]
[Result "0-1"]
[ECO "B41"]
[WhiteElo "1215"]
[BlackElo "1543"]
[Annotator "NA RC"]
[PlyCount "56"]
[EventDate "2024.12.23"]
[EventType "team-tourn"]
[EventRounds "7"]
[EventCountry "GER"]
[SourceTitle "playchess.com"]
[Source "ChessBase"]
[SourceQuality "1"]
[TimeControl "40/5400+30:1800+30"]

1. e4 c5 2. Nf3 e6 3. d4 cxd4 4. Nxd4 a6 5. Bc4 b5 6. Bb3 Bb7 7. Qd3 Nf6 8. Nd2 Be7 9. O-O O-O 10. Re1 d6 11. Re3 Qc7 12. Rg3 Nbd7 13. Qe3 Rfd8 14. Qh6 Bf8 15. Nxe6 fxe6 16. Bxe6+ Kh8 17. Qh4 Nc5 18. Qxf6 Nxe6 19. Qxe6 Re8 20. Qf5 Qxc2 21. Rg4 Qd1+ 22. Nf1 Bc8 23. Qf4 Qxg4 24. Qd2 Qxe4 25. Ng3 Qe1+ 26. Qxe1 Rxe1+ 27. Nf1 Bf5 28. h3 Bd3 0-1